Map: [ESL] Oceanborn

Players

Reynor - Winner!

  • Race: Zerg Zerg
  • League: Master
  • Spawn Location: 5:00

Highdra

  • Race: Protoss Protoss
  • League: Grandmaster
  • Spawn Location: 11:00

Event: HomeStory Cup XXIV

VOD

Have the link to the VOD?

Description

Time

  • Played on: Dec. 2, 2023, 1:54 p.m.
  • Length: 3:13

All games in this series

Show
View Real Time Build Order
Export as new Build Order

Reynor Zerg - Winner!

Build Orders: Pool First 

Get SALT Encoding   

  12  0:00  Drone  
  13  0:12  Overlord  
  13  0:16  Drone  
  14  0:30  Drone x2  
  14  0:34  Drone  
  17  0:43  Extractor  
  17  0:44  Drone  
  17  0:49  Spawning Pool  
  16  0:55  Drone  
  17  1:06  Drone  
  18  1:20  Hatchery  
  18  1:24  Drone  
  18  1:36  Zergling x2  
  18  1:38  Queen  
  21  1:45  Metabolic Boost  
  21  1:52  Overlord  
  21  1:56  Zergling x2  
  22  2:10  Zergling x4  
  24  2:21  Zergling x2  
  25  2:32  Queen  
  25  2:33  Zergling x4  
  25  2:36  Spine Crawler  
  28  2:37  Spine Crawler  
  28  2:43  Zergling x4  
  29  2:47  Zergling x2  
  29  2:48  Zergling x2  
  31  2:52  Zergling x2  
  31  2:56  Zergling x2  
Show
View Real Time Build Order
Export as new Build Order

Highdra Protoss 

Build Orders: 1 Gate Expand 

Get SALT Encoding   

  12  0:00  Probe  
  13  0:12  Probe  
  14  0:19  Pylon  
  14  0:24  Probe  
  15  0:37  Probe (Chrono Boost)  
  15  0:40  Gateway  
  16  0:47  Probe (Chrono Boost)  
  17  0:50  Assimilator  
  17  0:52  Probe (Chrono Boost)  
  18  1:03  Probe  
  19  1:15  Probe  
  20  1:26  Nexus  
  20  1:36  Cybernetics Core  
  20  1:38  Probe  
  21  1:45  Assimilator  
  21  1:50  Probe  
  22  2:00  Pylon  
  22  2:02  Probe  
  23  2:15  Adept (Chrono Boost)  
  23  2:18  Probe  
  26  2:23  Stargate  
  26  2:32  Probe (Chrono Boost)  
  27  2:39  Probe (Chrono Boost)  
  27  2:40  Stalker (Chrono Boost)  
  27  2:43  Shield Battery  
  31  2:47  Probe (Chrono Boost)  
  31  2:48  Gateway  
  31  2:55  Shield Battery  
Tags
 
Add a new tag
Caveats
  • Supply blocks, unpowered buildings, or Contaminate may cause inaccurate times.
  • Supply counts are checked every 10 seconds.